 Dungeon Crawl Stone Soup version 0.29-a0-352-g0917bc69df (webtiles) character file.

Game seed: 7415565095732130089

94 oldmanjim the Shield-Bearer (level 4, -2/41 HPs)
             Began as a Hill Orc Fighter on Apr 25, 2022.
             Blown up by Ijyb (18 damage)
             ... with a mindburst bolt
             ... on level 3 of the Dungeon.
             The game lasted 00:11:08 (2726 turns).

oldmanjim the Shield-Bearer (Hill Orc Fighter)      Turns: 2726, Time: 00:11:09

Health: -2/41      AC: 10    Str: 20    XL:     4   Next: 63%
Magic:  4/4        EV:  9    Int:  8    God:
Gold:   77         SH:  4    Dex: 10    Spells: 3/3 levels left

rFire   + . .      SeeInvis .   b - +4 dagger
rCold   . . .      Faith    .   c - +0 buckler
rNeg    . . .      Spirit   .   i - +0 scale mail
rPois   .          Reflect  .   (no helmet)
rElec   .          Harm     .   (no cloak)
rCorr   .          Rampage  .   l - +2 pair of gloves
Will    .....                   (no boots)
Stlth   ..........              (no amulet)
HPRegen 0.13/turn               k - ring of protection from fire
MPRegen 0.09/turn               (no ring)

@: lethally poisoned (-2 -> -11)
A: no striking features
a: no special abilities


You were on level 3 of the Dungeon.
You visited 1 branch of the dungeon, and saw 3 of its levels.

You collected 77 gold pieces.

Inventory:

Hand Weapons
 a - a +0 war axe
 b - a +4 dagger (weapon)
Missiles
 e - 89 stones (quivered)
Armour
 c - a +0 buckler (worn)
 f - an orb of light
 i - a +0 scale mail (worn)
 l - a +2 pair of gloves (worn)
Jewellery
 k - a ring of protection from fire (left hand)
Scrolls
 g - a scroll of brand weapon {unknown}
 h - 2 scrolls of identify
 m - 2 scrolls of vulnerability {unknown}
 p - a scroll of amnesia {unknown}
Potions
 d - a potion of might
 n - 2 potions of lignification
 q - a potion of ambrosia
 r - a potion of degeneration {unknown}


   Skills:
 + Level 4.4 Fighting
 + Level 3.8 Axes
 - Level 3.2 Armour
 * Level 4.7 Shields


You had 3 spell levels left.
You didn't know any spells.
Your spell library contained the following spells:

 Spells                   Type           Power      Damage    Failure   Level
 Summon Small Mammal      Summ           0%         N/A       85%         1
 Call Canine Familiar     Summ           0%         N/A       99%         3
 Summon Guardian Golem    Hex/Summ       0%         N/A       99%         3


Dungeon Overview and Level Annotations

Branches:
Dungeon (3/15)

Altars:
Gozag
Vehumet

Annotations:
D:3 Ijyb


Message History

The bat is severely wounded.
The bat barely misses you. The goblin hits you but does no damage.
The bat hits you but does no damage. The bat completely misses you.
The bat hits you but does no damage. x2
You barely miss the bat.
The bat is severely wounded.
The bat barely misses you. The goblin hits you but does no damage.
You hit the bat.
You kill the bat!
The goblin closely misses you. The goblin attacks as you move away!
The goblin hits you but does no damage. The goblin attacks as you move away!
The goblin hits you but does no damage. The goblin attacks as you move away!
The goblin hits you with a +0 club.
* * * LOW HITPOINT WARNING * * *
The goblin attacks as you move away! The goblin closely misses you.
The goblin attacks as you move away! The goblin hits you but does no damage.
The goblin attacks as you move away! The goblin hits you but does no damage.
The goblin attacks as you move away! The goblin hits you with a +0 club.
* * * LOW HITPOINT WARNING * * *
You feel much better. The goblin hits you but does no damage.
You puncture the goblin!
You kill the goblin!
Ijyb zaps a wand.
Your mind is blasted!
Ijyb hits you with a +2 dagger of venom.
Things that are here:
a +0 club; a potion of heal wounds; 6 gold pieces You hit Ijyb.
Ijyb is lightly wounded.
Ijyb closely misses you.
You hit Ijyb.
Ijyb is moderately wounded.
Ijyb hits you with a +2 dagger of venom.
You are poisoned.
You closely miss Ijyb.
Ijyb is moderately wounded.
You feel very sick. Ijyb screams, "Me stronger than you!"
Ijyb zaps a wand.
Your mind is blasted!
You die...

################
####≈≈≈≈≈≈≈≈≈≈≈≈≈≈≈≈≈≈
≈≈≈≈≈≈≈≈≈≈≈≈≈≈≈≈≈≈≈≈≈≈
≈≈≈≈≈≈≈≈≈≈≈≈≈≈≈≈≈≈≈≈≈≈
.≈≈≈≈.≈≈≈.≈≈≈≈.≈≈≈≈≈≈.
.....................
...................
##.#.#..######..#########
####>......@g...............
....##..###..##############
#...+.#+###'#..............
#...# #.....#######...#####
#...# #.###.#######. #
#...###.....#.......
#...#.'.._..'.......
###...#.....#.......
#.###.###.########


You could see Ijyb.

Vanquished Creatures
  2 adders (D:2)
  3 worms (D:2)
  2 dart slugs (D:2)
  3 ball pythons
  9 endoplasms
  A giant cockroach (D:2)
  5 goblins
  7 hobgoblins
  9 kobolds
  3 quokkas
  3 bats
  3 frilled lizards
  8 rats
58 creatures vanquished.

Notes
Turn   | Place    | Note
-------+----------+-------------------------------------------
     0 | D:1      | oldmanjim the Hill Orc Fighter began the quest for the Orb.
     0 | D:1      | Reached XP level 1. HP: 19/19 MP: 1/1
   379 | D:1      | Reached XP level 2. HP: 16/27 MP: 2/2
   609 | D:1      | Found a faded altar of an unknown god.
  1172 | D:1      | Reached XP level 3. HP: 32/33 MP: 3/3
  1989 | D:2      | Reached XP level 4. HP: 41/41 MP: 4/4
  2483 | D:2      | Found a radiant altar of Vehumet.
  2631 | D:3      | Found an opulent altar of Gozag.
  2685 | D:3      | Noticed Ijyb
  2718 | D:3      | HP: 1/41 [goblin/+0 club (3)]
  2726 | D:3      | Blown up by Ijyb

Illustrated notes

Levels and vault maps discovered:
D:1:      wander_arrival_desolate, layout_loops_corners,
          shapermc_ecumenical_altar_starsandcircs
D:2:      layout_rooms, basic_altar
D:3:      minmay_goblin_kobold_castle, layout_basic,
          nicolae_qazlal_eye_of_the_storm, mainiacjoe_overflow_six_doors_small,
          chequers_serial_rivers_small_b, uniq_ijyb

Skill      XL: |  1  2 |
---------------+-------+-----
Axes           | 3 |  3.8
Fighting       | 4 |  4.4
Shields        | 4 |  4.7
Armour         | |  3.2

Action                   |  1- 3 |  4- 6 || total
-------------------------+-------+-------++-------
Melee: War axe           |    60 |       ||    60
       Dagger            |    66 |    70 ||   136
Throw: Stone             |       |    13 ||    13
  Use: Scroll            |     1 |     3 ||     4
       Potion            |       |     2 ||     2
Armor: Scale mail        |    40 |    40 ||    80
Dodge: Dodged            |    49 |    34 ||    83
Block: Buckler           |    16 |    14 ||    30

Table legend: (Time is in decaauts)
 A = Elapsed time spent in this place.
 B = Non-inter-level travel time spent in this place.
 C = Inter-level travel time spent in this place.
 D = Time resting spent in this place.
 E = Time spent auto-exploring this place.
 F = Levels seen in this place.
 G = Mean time per level.
                   A        B        C        D        E       F      G
               +--------+--------+--------+--------+--------+-----+--------+
         Total |   2755 |   2720 |     35 |    263 |   1958 |   3 |  918.3 |
       Dungeon |   2755 |   2720 |     35 |    263 |   1958 |   3 |  918.3 |
               +--------+--------+--------+--------+--------+-----+--------+

Top non-repeatable levels by time:
     D:1: 1597 daAuts
     D:2: 1028 daAuts
     D:3: 129 daAuts
